Map: Acropolis LE

Players

TLO - Winner!

  • Race: Zerg Zerg
  • Spawn Location: 11:00

Future

  • Race: Terran Terran
  • Spawn Location: 5:00

Event: 2019 WCS Summer

VOD

https://youtu.be/3BelX1gV0-g

Description

Time

  • Played on: July 12, 2019, 1:56 p.m.
  • Length: 17:07

All games in this series

Show
View Real Time Build Order
Export as new Build Order

TLO Zerg - Winner!

Build Orders: Hatch First 

Get SALT Encoding   

  12  0:00  Drone  
  13  0:12  Overlord  
  13  0:16  Drone  
  14  0:31  Drone x2  
  16  0:36  Drone  
  17  0:51  Hatchery  
  17  0:54  Drone  
  17  0:57  Drone  
  17  1:03  Extractor  
  17  1:12  Spawning Pool  
  17  1:15  Drone  
  18  1:18  Drone  
  18  1:28  Drone  
  19  1:39  Drone  
  20  1:49  Overlord  
  20  1:59  Queen  
  22  2:03  Queen  
  22  2:04  Zergling x2, Drone  
  26  2:12  Zergling x2  
  26  2:14  Drone  
  28  2:26  Hatchery  
  28  2:27  Drone  
  27  2:30  Drone  
  27  2:32  Drone  
  27  2:35  Drone  
  30  2:41  Queen  
  32  2:45  Drone  
  32  2:50  Overlord  
  33  2:54  Metabolic Boost  
  33  3:00  Overlord  
  33  3:01  Drone  
  33  3:04  Drone  
  35  3:08  Overlord  
  35  3:09  Drone  
  36  3:15  Drone x2  
  38  3:22  Queen  
  38  3:23  Drone x2  
  42  3:28  Queen  
  42  3:31  Drone  
  42  3:33  Zergling x2  
  46  3:37  Drone  
  46  3:40  Drone  
  48  3:42  Drone  
  49  3:50  Zergling x4  
  49  3:52  Drone  
  49  3:53  Drone  
  49  3:54  Drone  
  54  3:57  Overlord  
  54  3:58  Drone x3  
  54  4:00  Drone  
  58  4:05  Drone  
  58  4:06  Drone  
  60  4:10  Overlord  
  60  4:13  Overlord  
  60  4:14  Overlord  
  60  4:16  Drone, Overlord  
  61  4:19  Drone  
  62  4:25  Spore Crawler  
  62  4:26  Drone x2  
  62  4:27  Lair, Spore Crawler  
  62  4:30  Drone  
  63  4:32  Drone x2  
  63  4:35  Drone  
  66  4:38  Drone  
  66  4:39  Drone, Extractor, Evolution Chamber  
  66  4:41  Drone, Baneling Nest  
  66  4:44  Drone  
  66  4:45  Drone  
  68  4:48  Drone, Queen  
  68  4:50  Zergling x2  
  68  4:52  Drone  
  73  4:55  Zergling x2  
  73  4:56  Zergling x2, Extractor  
  73  5:00  Evolution Chamber  
  73  5:01  Drone  
  73  5:02  Drone  
  73  5:03  Drone  
  73  5:04  Zergling x2  
  73  5:05  Drone  
  76  5:08  Drone  
  76  5:10  Drone, Extractor  
  76  5:11  Drone x2, Extractor  
  76  5:13  Queen  
  77  5:22  Drone  
  77  5:24  Extractor  
  77  5:25  Zerg Ground Armor Level 1, Zerg Melee Weapons Level 1  
  77  5:28  Drone  
  77  5:29  Zergling x2, Drone  
  77  5:31  Zergling x2  
  77  5:33  Zergling x2  
  77  5:34  Drone  
  83  5:36  Drone  
  83  5:39  Zergling x4  
  83  5:40  Hydralisk Den, Hatchery  
  84  5:43  Zergling x2  
  84  5:46  Zergling x2  
  84  5:48  Zergling x2  
  84  5:49  Baneling  
  87  5:51  Baneling x2  
  87  5:55  Zergling x2  
  88  5:59  Overlord  
  88  6:02  Overlord  
  88  6:08  Drone, Hatchery  
  88  6:09  Drone  
  89  6:12  Zergling x2  
  89  6:13  Zergling x12  
  89  6:15  Grooved Spines  
  89  6:16  Centrifical Hooks  
  96  6:21  Queen, Overlord  
  96  6:24  Hydralisk  
  96  6:25  Hydralisk  
  102  6:27  Baneling x2  
  101  6:34  Hydralisk x3  
  101  6:37  Zergling x8  
  109  6:42  Baneling x2  
  109  6:45  Hydralisk  
  109  6:46  Hydralisk  
  113  6:47  Zergling x2  
  113  6:49  Zergling x4  
  113  6:51  Zergling x2  
  117  6:56  Zergling x2  
  117  6:58  Zergling x2  
  114  7:05  Zergling x2  
  107  7:09  Hydralisk x7  
  107  7:11  Drone  
  107  7:15  Drone x3  
  123  7:20  Zergling x2  
  123  7:21  Zergling x2  
  124  7:22  Baneling  
  124  7:23  Baneling, Zerg Melee Weapons Level 2  
  124  7:26  Muscular Augments  
  124  7:29  Zerg Ground Armor Level 2  
  124  7:34  Zergling x8  
  124  7:35  Zergling x4  
  118  7:38  Zergling x2  
  118  7:39  Zergling x4  
  118  7:42  Baneling  
  118  7:43  Baneling, Zergling x2  
  122  7:47  Zergling x2  
  122  7:50  Drone x2  
  125  7:51  Zergling x2  
  125  7:52  Zergling x2  
  125  7:53  Infestation Pit, Zergling x4  
  125  7:54  Zergling x2  
  125  7:58  Baneling x8  
  127  8:03  Zergling x2  
  127  8:04  Zergling x2  
  129  8:09  Zergling x2  
  129  8:10  Zergling x2  
  129  8:12  Zergling x2  
  131  8:18  Hydralisk x4  
  131  8:23  Zergling x2  
  131  8:24  Zergling x16  
  133  8:32  Hive  
  121  8:41  Zergling x2  
  121  8:42  Zergling x16  
  121  8:48  Drone x2  
  130  8:50  Zergling x2  
  130  8:53  Zergling x6  
  130  8:56  Zergling x4  
  130  8:58  Zergling x4  
  130  9:02  Baneling x12  
  134  9:04  Overlord  
  134  9:07  Overlord x2  
  134  9:08  Overlord  
  134  9:16  Overlord  
  132  9:25  Hydralisk x3  
  132  9:26  Hydralisk x3, Overlord  
  132  9:30  Zergling x24  
  141  9:32  Zergling x2  
  141  9:34  Zergling x2  
  141  9:36  Zergling x6  
  144  9:39  Zerg Missile Weapons Level 1, Queen  
  144  9:43  Zergling x6  
  143  9:53  Zergling x14  
  143  9:58  Queen  
  138  10:00  Zergling x2  
  138  10:04  Zerg Ground Armor Level 3  
  138  10:05  Zergling x4  
  134  10:07  Zergling x2  
  134  10:12  Viper x2  
  138  10:14  Ultralisk Cavern  
  138  10:15  Zergling x2  
  138  10:17  Evolution Chamber  
  138  10:18  Baneling x7  
  138  10:21  Zergling x2  
  123  10:36  Zergling x2  
  123  10:37  Zergling x32  
  123  10:39  Zergling x2  
  123  10:40  Overseer  
  137  10:44  Hydralisk  
  137  10:48  Zergling x2  
  140  10:51  Zergling x2  
  140  10:52  Zergling x2  
  140  10:53  Zergling x8  
  140  10:54  Zergling x2  
  147  10:58  Zergling x2  
  143  11:10  Zergling x4  
  127  11:12  Zergling x2  
  127  11:15  Zergling x4  
  127  11:16  Zergling x2  
  127  11:17  Chitinous Plating  
  116  11:19  Ultralisk x2  
  116  11:21  Hydralisk x2  
  116  11:22  Hydralisk x2  
  116  11:23  Hydralisk  
  116  11:24  Zergling x2  
  116  11:25  Zergling x2  
  134  11:28  Zergling x6  
  134  11:30  Hydralisk  
  138  11:34  Baneling  
  138  11:35  Baneling x3  
  136  11:43  Zergling x2  
  136  11:46  Hydralisk x2  
  126  11:48  Zergling x4  
  126  11:50  Zergling x2  
  126  11:51  Zergling x2  
  126  11:52  Viper x2  
  126  11:53  Drone  
  139  11:54  Zergling x2  
  139  11:55  Zergling x2, Extractor  
  140  12:04  Zerg Missile Weapons Level 2  
  140  12:05  Drone x2  
  140  12:06  Zergling x2  
  140  12:07  Zergling x2  
  144  12:12  Zergling x2  
  144  12:14  Zergling x2, Drone  
  144  12:15  Zergling x2, Drone x2  
  149  12:16  Baneling x10  
  149  12:21  Spore Crawler  
  149  12:24  Zergling x2  
  149  12:25  Zergling x4  
  149  12:26  Zergling x2  
  149  12:27  Zergling x2  
  149  12:29  Zergling x2  
  155  12:32  Zergling x2  
  155  12:33  Zergling x2  
  155  12:35  Zergling x4  
  155  12:36  Anabolic Synthesis  
  157  12:42  Spire  
  153  12:44  Zergling x2  
  153  12:46  Zergling x2  
  153  12:47  Zergling x6  
  158  12:51  Ultralisk  
  158  12:54  Zergling x2  
  158  12:55  Zergling x2  
  166  13:01  Drone  
  166  13:03  Zergling x2  
  168  13:06  Ultralisk  
  158  13:22  Ultralisk  
  158  13:23  Ultralisk  
  158  13:24  Zergling x6  
  158  13:26  Zergling x4  
  173  13:38  Overlord  
  173  13:45  Zergling x2  
  173  13:48  Zerg Melee Weapons Level 3  
  169  13:50  Zergling x2  
  169  13:51  Overlord x4  
  169  13:53  Overlord  
  169  13:54  Greater Spire  
  169  13:55  Extractor  
  169  14:02  Overlord, Ultralisk  
  174  14:03  Ultralisk  
  174  14:05  Hatchery  
  174  14:08  Zergling x4  
  174  14:09  Zergling x2, Corruptor x2  
  184  14:14  Overlord  
  184  14:16  Overlord  
  184  14:22  Ultralisk  
  190  14:25  Corruptor  
  190  14:28  Zergling x2  
  190  14:29  Zergling x2  
  190  14:30  Zergling x4  
  196  14:32  Zergling x4  
  196  14:34  Zergling x4  
  184  14:38  Overlord  
  184  14:39  Zergling x6  
  184  14:43  Zergling x2  
  184  14:45  Zergling x4  
  188  14:47  Zergling x2, Overlord  
  188  14:48  Zergling x2  
  185  14:53  Zergling x2  
  185  14:58  Infestor, Corruptor  
  185  14:59  Zergling x2, Corruptor  
  193  15:04  Zergling x6  
  193  15:05  Zergling x2  
  197  15:08  Baneling x9  
  197  15:13  Zergling x2  
  197  15:14  Zergling x2  
  199  15:31  Pneumatized Carapace  
  199  15:37  Overlord  
  199  15:40  Overlord  
  199  15:42  Overseer x3  
  199  15:43  Overseer x4  
  199  15:46  Overlord  
  199  15:47  Zergling x2  
  196  15:56  Ultralisk x2  
  198  15:57  Zergling x2  
  198  15:59  Zergling x6  
  198  16:00  Zergling x2  
  198  16:03  Mutalisk  
  148  16:44  Zergling x34  
  159  16:54  Overseer  
Show
View Real Time Build Order
Export as new Build Order

Future Terran 

Build Orders: Liberator Opening, Reaper Expand 

Get SALT Encoding   

  12  0:00  SCV  
  13  0:12  SCV  
  14  0:16  Supply Depot  
  14  0:24  SCV  
  15  0:38  SCV  
  15  0:40  Barracks  
  16  0:43  Refinery  
  16  0:50  SCV  
  17  1:02  SCV  
  18  1:14  SCV  
  19  1:27  Orbital Command, Reaper  
  20  1:39  Command Center  
  20  1:47  Supply Depot  
  20  1:52  SCV  
  21  1:58  Marine  
  22  2:04  SCV  
  22  2:07  Factory  
  23  2:15  Refinery  
  23  2:17  SCV  
  25  2:23  Barracks Reactor  
  24  2:31  SCV  
  25  2:43  SCV  
  26  2:53  Orbital Command  
  26  2:54  Starport  
  26  2:55  SCV  
  29  3:05  Hellion  
  29  3:06  Hellion  
  29  3:07  Barracks Tech Lab, SCV  
  32  3:13  Liberator  
  32  3:19  SCV  
  33  3:20  SCV  
  33  3:23  Supply Depot  
  35  3:27  Hellion x2  
  35  3:31  SCV  
  35  3:32  SCV  
  35  3:33  Marine  
  43  3:40  Stimpack  
  43  3:43  SCV  
  43  3:44  SCV  
  47  3:48  Hellion  
  47  3:49  Hellion  
  47  3:53  Supply Depot  
  49  3:56  SCV x2  
  49  4:00  Marine  
  52  4:08  SCV x2  
  54  4:17  Command Center  
  54  4:19  Starport Reactor  
  54  4:20  SCV  
  54  4:21  SCV  
  54  4:22  Marine  
  57  4:27  Supply Depot  
  57  4:32  SCV  
  57  4:33  SCV  
  59  4:40  Barracks  
  59  4:41  Barracks, Marine  
  59  4:44  SCV  
  59  4:45  SCV  
  62  4:50  Engineering Bay x2  
  62  4:52  Supply Depot  
  62  4:56  SCV  
  62  4:57  SCV  
  62  4:58  Marine  
  62  4:59  Factory Tech Lab  
  65  5:04  Refinery  
  65  5:05  Starport Reactor  
  65  5:08  SCV  
  65  5:09  SCV  
  64  5:16  Refinery  
  64  5:17  Siege Tank  
  64  5:18  Terran Infantry Weapons Level 1, Terran Infantry Armor Level 1  
  64  5:20  SCV  
  68  5:21  Marine, SCV  
  70  5:33  Orbital Command, Marine x2, SCV x2  
  70  5:35  Marine x2  
  75  5:39  Marine  
  77  5:45  SCV  
  77  5:48  SCV  
  77  5:49  Siege Tank, Supply Depot  
  82  5:50  Marine, Medivac  
  82  5:51  Marine  
  82  5:52  Medivac  
  82  5:53  Marine x2  
  90  5:57  Marine, SCV  
  90  6:00  SCV  
  90  6:01  Orbital Command, Combat Shield  
  93  6:10  Marine x2, SCV  
  93  6:11  Marine x2  
  97  6:12  SCV  
  97  6:15  Marine  
  100  6:19  Barracks  
  100  6:20  Barracks  
  100  6:23  SCV  
  101  6:32  Marine x4  
  101  6:39  Supply Depot  
  101  6:40  Supply Depot  
  101  6:41  Siege Tank, SCV x3  
  101  6:42  Armory  
  101  6:46  Medivac  
  109  7:00  Marine x5, SCV x2, Medivac  
  109  7:01  SCV  
  109  7:12  SCV x2  
  109  7:13  Siege Tank, SCV  
  109  7:15  Barracks Reactor  
  113  7:16  Barracks Reactor  
  113  7:18  Marine x3  
  113  7:19  Marine  
  113  7:20  Marine  
  113  7:21  Medivac  
  116  7:24  SCV  
  116  7:25  SCV  
  116  7:29  Refinery x2  
  118  7:36  Marine x4  
  115  7:38  Marine  
  115  7:39  Barracks  
  115  7:41  Barracks x2  
  112  7:45  Siege Tank  
  112  7:46  Medivac  
  117  7:52  Terran Infantry Weapons Level 2, Medivac  
  117  7:54  Marine x2  
  117  7:57  Marine x3  
  124  7:58  Supply Depot  
  124  7:59  Marine  
  124  8:00  Supply Depot  
  124  8:02  Supply Depot  
  125  8:09  Factory  
  125  8:13  SCV x2  
  125  8:17  Siege Tank, Marine x2  
  121  8:25  Marine x7  
  121  8:26  Medivac  
  119  8:27  Medivac  
  120  8:35  Marine x3  
  120  8:36  Marine x2  
  121  8:42  Marine  
  121  8:43  Marine x3  
  121  8:44  Marine x3  
  127  8:50  Siege Tank  
  127  8:53  Marine x3  
  131  8:55  Marine  
  131  8:56  Medivac  
  131  8:57  Medivac  
  131  8:59  Factory Tech Lab  
  136  9:05  Marine x8  
  144  9:10  Marine x2  
  144  9:11  Marine  
  144  9:13  Marine  
  146  9:22  Marine  
  146  9:23  Marine  
  139  9:24  Marine  
  139  9:25  Marine x3  
  135  9:35  Marine  
  135  9:37  Siege Tank  
  135  9:38  Siege Tank, Marine x5  
  140  9:40  Marine, Supply Depot x2  
  140  9:41  Marine  
  140  9:42  Marine  
  146  9:48  Marine  
  146  9:49  Marine x2, Supply Depot x2  
  118  10:00  Marine x2  
  118  10:01  Marine  
  110  10:07  Marine, Medivac x2  
  110  10:08  Marine x2  
  110  10:10  Siege Tank  
  110  10:13  Siege Tank  
  121  10:16  Marine  
  121  10:21  Marine x2  
  124  10:32  Marine  
  124  10:35  Marine x2  
  114  10:36  Marine  
  114  10:37  Marine x5  
  114  10:42  Siege Tank  
  123  10:44  Marine x2  
  123  10:45  Siege Tank, Marine  
  129  10:50  Marine  
  129  10:51  Medivac  
  129  10:52  Marine  
  129  10:53  Marine, Medivac  
  129  10:54  Marine x2  
  129  10:55  Marine x2  
  129  10:56  Marine  
  141  10:58  Orbital Command, Marine  
  141  11:02  Marine  
  131  11:14  Marine  
  131  11:15  Marine x2  
  131  11:16  Marine x5  
  131  11:17  Siege Tank  
  123  11:20  Siege Tank  
  123  11:23  Marine  
  123  11:24  Marine x2  
  115  11:28  Marine  
  115  11:32  Marine  
  115  11:33  Marine  
  115  11:35  Marine  
  118  11:40  Marine  
  118  11:45  Marine  
  99  11:47  Marine x4  
  99  11:51  Marine x2  
  99  11:52  Marine x3  
  99  11:53  Siege Tank x2  
  114  11:59  Refinery  
  114  12:00  Refinery  
  114  12:06  Marine x6  
  121  12:11  Marine x2  
  121  12:14  Terran Infantry Weapons Level 3  
  123  12:19  Barracks Tech Lab x3  
  122  12:24  Ghost Academy  
  122  12:25  Terran Infantry Armor Level 2  
  122  12:28  Siege Tank x2  
  128  12:35  SCV x2  
  128  12:36  SCV  
  128  12:44  Marauder  
  128  12:45  Marauder x2  
  128  12:46  Sensor Tower  
  128  12:47  Marauder  
  136  12:58  Command Center  
  136  13:06  Marauder  
  136  13:07  Marine x2, Marauder x2  
  136  13:09  Terran Vehicle And Ship Armor Level 1  
  145  13:12  SCV  
  145  13:13  SCV x2  
  145  13:16  Marauder  
  145  13:17  Marine  
  145  13:18  Marine x3  
  148  13:22  Siege Tank, Liberator x2  
  148  13:25  Siege Tank  
  148  13:26  Marine x2  
  152  13:27  Marauder, Marine  
  152  13:28  Marauder  
  163  13:47  Marine  
  158  13:54  Ghost x2  
  148  14:00  Ghost, Command Center  
  148  14:01  Marine x2  
  148  14:02  Marine x3  
  155  14:07  Marine x3  
  158  14:19  Ghost  
  158  14:23  Ghost  
  159  14:39  Command Center  
  159  14:48  Liberator  
  159  14:51  Refinery  
  156  14:54  Ghost  
  156  14:55  Ghost x3  
  153  15:10  SCV x3  
  153  15:13  Planetary Fortress  
  156  15:15  SCV  
  156  15:16  Refinery  
  157  15:22  SCV  
  158  15:31  Ghost x2  
  158  15:34  Missile Turret  
  158  15:35  Missile Turret  
  162  15:37  Missile Turret x2  
  162  15:39  Missile Turret  
  162  15:42  Orbital Command  
  162  15:48  Refinery, Missile Turret  
  162  15:49  Missile Turret  
  162  15:51  Missile Turret  
  162  15:56  Orbital Command  
  152  16:01  SCV x2  
  153  16:04  Siege Tank, Missile Turret  
  153  16:06  SCV  
  153  16:08  Missile Turret  
  153  16:10  SCV x2  
  159  16:13  SCV x2  
  138  16:46  Marine  
  138  16:47  Marine x3  
  124  16:51  SCV x3  
  124  16:52  SCV  
Tags
 
Add a new tag
Caveats
  • Supply blocks, unpowered buildings, or Contaminate may cause inaccurate times.
  • Supply counts are checked every 10 seconds.